 Dungeon Crawl Stone Soup version 0.29.1-12-g30fa7ad0bf (webtiles) character file.

Game seed: 8637116432030753126

215 mopl the Slasher (level 5, -7/32 HPs)
             Began as a Tengu Warper on Jan 5, 2023.
             Splashed by a jelly's acid (12 damage)
             ... in a sewer.
             The game lasted 00:06:58 (3031 turns).

mopl the Slasher (Tengu Warper)                     Turns: 3031, Time: 00:06:59

Health: -7/32      AC:  1    Str: 13    XL:     5   Next: 92%
Magic:  9/9        EV: 13    Int: 14    God:
Gold:   111        SH:  0    Dex: 13    Spells: 6/8 levels left

rFire   . . .      SeeInvis .   a - +0 falchion
rCold   . . .      Faith    .   s - orb {*Rage}
rNeg    . . .      Spirit   .   k - +0 ring mail
rPois   .          Reflect  .   (helmet restricted)
rElec   .          Harm     .   (no cloak)
rCorr   .          Rampage  .   (no gloves)
Will    .....      Rage     20% (boots unavailable)
Stlth   +.........              (no amulet)
HPRegen 0.10/turn               (no ring)
MPRegen 0.11/turn               (no ring)

@: corroded, flying quickly and evasively, quick
A: beak, talons 3, nimble flight
a: no special abilities


You were in a sewer.
You visited 1 branch of the dungeon, and saw 3 of its levels.
You also visited: Sewer.

You collected 122 gold pieces.
You spent 11 gold pieces at shops.

Inventory:

Hand Weapons
 a - a +0 falchion (weapon)
Missiles
 b - 3 boomerangs
 d - 5 boomerangs of dispersal (quivered)
Armour
 i - an orb of light
 k - a +0 ring mail (worn)
 s - an orb of wrath (worn)
Wands
 n - a wand of charming (7)
Scrolls
 c - a scroll of blinking
 h - 4 scrolls of identify
 j - 2 scrolls of summoning {unknown}
 l - a scroll of magic mapping {unknown}
Potions
 e - 3 potions of heal wounds
 f - a potion of invisibility {unknown}
 g - a potion of brilliance {unknown}
 m - a potion of haste {unknown}
 o - a potion of attraction {unknown}
 p - a potion of degeneration {unknown}
 q - a potion of flight {unknown}
 r - a potion of might {unknown}


   Skills:
 + Level 3.2 Fighting
 * Level 4.4 Long Blades
 + Level 2.4 Throwing
 - Level 1.1 Armour
 - Level 2.1 Dodging
 - Level 2.2 Spellcasting
 + Level 3.0 Translocations


You had 6 spell levels left.
You knew the following spells:

 Your Spells              Type           Power      Damage    Failure   Level
e - Blink                 Tloc           20%        N/A       22%         2

Your spell library contained the following spells:

 Spells                   Type           Power      Damage    Failure   Level
 Gell's Gravitas          Tloc           10%        N/A       38%         3
 Lesser Beckoning         Tloc           10%        N/A       38%         3
 Teleport Other           Tloc           10%        N/A       38%         3
 Sandblast                Erth           2%         2d4       45%         1
 Summon Small Mammal      Summ           4%         N/A       45%         1
 Ensorcelled Hibernation  Hex/Ice        2%         N/A       58%         2
 Passwall                 Tmut/Erth      0%         N/A       58%         2
 Sublimation of Blood     Necr           1%         N/A       58%         2
 Wereblood                Tmut           1%         N/A       58%         2
 Call Canine Familiar     Summ           1%         N/A       83%         3
 Stone Arrow              Conj/Erth      2%         3d7       83%         3
 Summon Guardian Golem    Hex/Summ       1%         N/A       83%         3
 Swiftness                Air            1%         N/A       83%         3
 Manifold Assault         Tloc           10%        N/A       98%         5
 Summon Hydra             Summ           0%         N/A       100%        7


Dungeon Overview and Level Annotations

Branches:
Dungeon (3/15)              Sewer (1/1)

Altars:

Shops:
D:1 *


Innate Abilities, Weirdness & Mutations

You have a beak for a mouth.
You have claws for feet.
Your magical nature lets you fly swiftly and evasively.


Message History

The jelly hits you.
Keep equipping yourself? [Y]es or [N]o only, please.
Keep equipping yourself?
You are splashed with acid!
You continue putting on your orb of wrath.
The jelly hits you but does no damage.
You continue putting on your orb of wrath.
The jelly misses you.
You continue putting on your orb of wrath.
The jelly closely misses you.
You finish putting on your orb of wrath.
Unknown command.
You hit the jelly. The acid corrodes you!
Your hands burn!
You claw the jelly.
The jelly is heavily wounded.
The jelly hits you.
You are splashed with acid!
* * * LOW HITPOINT WARNING * * *
Throw: 7 boomerangs (disperse)
Press: ? - help, Q - select action, (/) - cycle Shift-Dir - straight line, f - jelly
Aim: a jelly (heavily wounded, 89% to hit)
You throw a boomerang of dispersal.
The boomerang of dispersal hits the jelly.
The jelly blinks!
The jelly is heavily wounded.
Throw: 4 boomerangs
Press: ? - help, Q - select action, (/) - cycle Shift-Dir - straight line, f/p - jelly
Aim: a jelly (water, heavily wounded, 89% to hit)
You throw a boomerang. The boomerang hits the jelly.
The jelly is heavily wounded.
Unknown command.
Throw: 6 boomerangs (disperse)
Press: ? - help, Q - select action, (/) - cycle Shift-Dir - straight line, f/p - jelly
Aim: a jelly (water, heavily wounded, 89% to hit)
You throw a boomerang of dispersal.
The boomerang of dispersal hits the jelly but does no damage.
The jelly is heavily wounded.
The jelly hits you.
* * * LOW HITPOINT WARNING * * *
You are splashed with acid!
You die...

#..#
###########.~#
#~......~.~..#
#....~~.J.~..#
#..###########
#~~# ####### #.~#
#≈≈≈≈≈#
#..#########≈.∩~≈#
#..~..~...~...~.@#
#....~~.~.~.....J#
############≈.∩.≈#
#≈≈≈≈≈# #######


You could see a jelly.

Vanquished Creatures
  A jelly (Sewer)
  4 gnolls (D:3)
  7 adders
  3 worms
  2 orcs (D:3)
  6 ball pythons
  8 endoplasms
  6 giant cockroaches
  3 goblins
  3 hobgoblins (D:1)
  A quokka (D:3)
  3 bats (D:1)
  8 frilled lizards
  4 kobolds
  7 rats
66 creatures vanquished.

Vanquished Creatures (others)
  A jelly (Sewer)
1 creature vanquished.

Grand Total: 67 creatures vanquished

Notes
Turn   | Place    | Note
-------+----------+-------------------------------------------
     0 | D:1      | mopl the Tengu Warper began the quest for the Orb.
     0 | D:1      | Reached XP level 1. HP: 12/12 MP: 4/4
   298 | D:1      | Reached XP level 2. HP: 11/17 MP: 6/6
   303 | D:1      | Learned a level 2 spell: Blink
   601 | D:1      | Found Ejinon's General Store.
  1017 | D:1      | Bought a scroll of noise for 11 gold pieces
  1087 | D:2      | Found a faded altar of an unknown god.
  1132 | D:2      | Reached XP level 3. HP: 21/22 MP: 7/7
  1143 | D:2      | Reached skill level 3 in Long Blades
  2006 | D:2      | Reached XP level 4. HP: 27/27 MP: 8/8
  2128 | D:3      | Reached skill level 2 in Throwing
  2222 | D:3      | Gained mutation: Your magical nature lets you fly swiftly
                  | and evasively. [Tengu growth]
  2222 | D:3      | Reached XP level 5. HP: 8/32 MP: 9/9
  2226 | D:3      | Found a glowing drain.
  2235 | Sewer    | Entered a sewer
  2547 | Sewer    | Reached skill level 4 in Long Blades
  2598 | Sewer    | Reached skill level 3 in Fighting
  2612 | Sewer    | Reached skill level 3 in Translocations
  2650 | Sewer    | Found a viscous altar of Jiyva.
  3031 | Sewer    | Splashed by a jelly's acid

Illustrated notes

Levels and vault maps discovered:
D:1:      wander_arrival_fairy_ring, layout_loops_ring, serial_shops,
          nicolae_shop_trees, minmay_pentomino_r2
D:2:      layout_basic, ebering_ecumenical_altar_sacrificial
D:3:      layout_basic, portal_sewer_entry_d
Sewer:    sewer_hellmonk_slimy_pipes

Skill      XL: |  1  2  3  4  5 |
---------------+----------------+-----
Long Blades    | 3 4 |  4.4
Throwing       | 2 |  2.4
Fighting       | 3 |  3.2
Translocations | 3 |  3.0
Armour         | |  1.1
Dodging        | |  2.1
Spellcasting   | |  2.2

Action                   |  1- 3 |  4- 6 || total
-------------------------+-------+-------++-------
Melee: Falchion          |    65 |    81 ||   146
       Kick              |    12 |    21 ||    33
       Peck              |    10 |    13 ||    23
Throw: Boomerang         |       |     5 ||     5
Evoke: Wand              |       |     1 ||     1
  Use: Scroll            |     1 |     1 ||     2
 Stab: Sleeping          |     1 |       ||     1
Armor: Leather armour    |    13 |       ||    13
       Ring mail         |     9 |    29 ||    38
Dodge: Dodged            |    34 |    56 ||    90
